 Dungeon Crawl Stone Soup version 0.30-a0-989-g0d87f670db (webtiles) character file.

Game seed: 6134502958832301740

11746 mopl the Skirmisher (level 11, -9/130 HPs)
             Began as a Barachi Hunter on Apr 3, 2023.
             Was an Elder of Okawaru.
             Mangled by a sixfirhy (12 damage)
             ... summoned by an orc high priest
             ... on level 2 of the Orcish Mines.
             The game lasted 00:20:36 (11854 turns).

mopl the Skirmisher (Barachi Hunter)               Turns: 11854, Time: 00:20:36

Health: -9/130     AC: 18    Str: 16    XL:     11   Next: 82%
Magic:  13/14      EV: 20    Int:  9    God:    Okawaru [****..]
Gold:   759        SH:  0    Dex: 23    Spells: 10/10 levels left

rFire   + . .      SeeInvis .    S - +2 trident (venom)
rCold   + + .      Faith    +    (no shield)
rNeg    . . .      Spirit   .    G - +2 chain mail {rC+}
rPois   .          Reflect  .    (no helmet)
rElec   .          Rampage  .    v - scarf {rC+ rF+}
rCorr   .                        D - +0 pair of gloves
Will    .....                    z - +0 pair of boots Stlth
                                 e - amulet of faith {!P}
HPRegen 0.41/turn                m - +5 ring of evasion
MPRegen 0.14/turn                F - +6 ring of dexterity

@: berserking (expiring), heroic, quick
A: amphibious, slowness 1, strong legs 1, +LOS
a: Hop, Renounce Religion, Heroism, Finesse


You were on level 2 of the Orcish Mines.
You worshipped Okawaru.
Okawaru was greatly pleased with you.
You visited 3 branches of the dungeon, and saw 13 of its levels.

You collected 911 gold pieces.
You spent 152 gold pieces at shops.

Inventory:

Hand Weapons
 a - a +0 shortbow
 c - a +2 spear of freezing
 S - a +2 trident of venom (weapon)
Missiles
 f - 14 boomerangs (quivered)
 k - 2 atropa-tipped darts
 n - 4 silver boomerangs
 q - 4 javelins
 y - 43 poisoned darts
 P - 2 curare-tipped darts
Armour
 d - a +0 tower shield
 v - a scarf of resistance (worn)
 z - a +0 pair of boots (worn)
 D - a +0 pair of gloves (worn)
 G - a +2 chain mail of cold resistance (worn)
 Q - a +0 plate armour of fire resistance
Jewellery
 e - an amulet of faith (around neck) {!P}
 m - a +5 ring of evasion (left hand)
 o - a ring of protection from fire
 A - a ring of fire
 E - a ring of see invisible
 F - a +6 ring of dexterity (right hand)
 J - a +6 ring of intelligence
Wands
 w - a wand of flame (22)
 T - a wand of polymorph (3)
 U - a wand of roots (3)
Scrolls
 b - 5 scrolls of immolation
 g - a scroll of poison {unknown}
 i - a scroll of magic mapping {unknown}
 j - 3 scrolls of enchant weapon {unknown}
 p - 4 scrolls of vulnerability {unknown}
 s - 3 scrolls of teleportation {unknown}
 t - 2 scrolls of fear {unknown}
 C - a scroll of brand weapon {unknown}
 H - 2 scrolls of blinking {unknown}
 L - 2 scrolls of amnesia {unknown}
Potions
 h - 2 potions of heal wounds
 l - 2 potions of curing
 r - a potion of magic
 u - 3 potions of mutation {!q}
 x - 2 potions of brilliance
 B - 2 potions of cancellation
 I - 3 potions of invisibility
 K - 2 potions of might
 M - a potion of flight
 N - 2 potions of degeneration {unknown}


   Skills:
 + Level 8.9(13.9) Fighting
 * Level 13.1(18.1) Ranged Weapons
 + Level 8.5(13.5) Armour
 + Level 8.2(13.2) Dodging
 - Level 0.8(5.8) Stealth
 + Level 5.0 Invocations


You had 10 spell levels left.
You didn't know any spells.
Your spell library contained the following spells:

 Spells                   Type           Power      Damage    Failure   Level
 Sting                    Tmut/Pois      0%         1d3       98%         1
 Lesser Beckoning         Tloc           0%         N/A       99%         2
 Poisonous Vapours        Pois/Air       0%         N/A       99%         2
 Gell's Gravitas          Tloc           0%         N/A       100%        3
 Kindle Blastsparks       Fire/Tloc/Air  0%         2d10      100%        3
 Teleport Other           Tloc           0%         N/A       100%        3
 Fulminant Prism          Conj/Hex       0%         3d5       100%        4
 Iskenderun's Mystic Bla  Conj/Tloc      0%         2d3       100%        4
 Olgreb's Toxic Radiance  Pois           0%         N/A       100%        4
 Alistair's Intoxication  Tmut/Pois      0%         N/A       100%        5
 Borgnjor's Vile Clutch   Necr/Erth      0%         N/A       100%        5
 Lee's Rapid Deconstruct  Erth           0%         3d4*      100%        5
 Eringya's Noxious Bog    Tmut/Pois      0%         N/A       100%        6


Dungeon Overview and Level Annotations

Branches:
Dungeon (10/15)            Temple (1/1) D:7            Lair (0/5) D:8
    Orc (2/2) D:10            Elf (0/3) Orc:2

Altars:
Ashenzari
Cheibriados
Fedhas
Gozag
Hepliaklqana
Kikubaaqudgha
Nemelex Xobeh
Okawaru
Sif Muna
Uskayaw
Wu Jian

Shops:
D:4 *   D:5 *   Orc:1 !


Innate Abilities, Weirdness & Mutations

You are amphibious.
You cover ground slowly.
You can hop short distances.
You have an extended range of vision and can be seen from far away.


Message History

You hit the orc high priest.
The orc high priest is poisoned.
The orc high priest is almost dead.
The orc wizard completely misses you. The orange demon stings you from afar.
* * * LOW HITPOINT WARNING * * *
The orc priest calls down the wrath of Beogh upon you.
Beogh smites you!
* * * LOW HITPOINT WARNING * * *
The orc high priest hits you but does no damage.
The ice devil misses you. The chaos spawn misses you.
Unknown command.
You puncture the orc high priest!
You kill the orc high priest!
Okawaru is honoured by your kill.
The chaos spawn degenerates into a cloud of primal chaos!
An orc priest comes into view. It is wielding a +0 falchion.
The orc wizard barely misses you.
The orc priest invokes the aid of Beogh against you.
Beogh smites you!
* * * LOW HITPOINT WARNING * * *
The orc high priest prays.
The orc high priest prays to Beogh.
The ice devil barely misses you.
The orange demon stings you but does no damage.
Your Invocations skill increases to level 5!
You hit the orc high priest.
The orc high priest is poisoned.
The orc high priest is lightly wounded.
Unknown command.
You closely miss the orc high priest.
The orc high priest is lightly wounded.
The sixfirhy misses you.
The sixfirhy hits you but does no damage.
The orc high priest barely misses you. The orange demon stings you from afar.
* * * LOW HITPOINT WARNING * * *
The orc wizard misses you.
The orc priest begins to cast a cantrip, but forgets the words!
The orc high priest closely misses you. The ice devil completely misses you.
The sixfirhy hits you.
* * * LOW HITPOINT WARNING * * *
The sixfirhy shocks you!
You die...

............
.###..........#
...#..........#
...$..........#
$.............#
#....................# .
................3....#..#
..............4o4o......#
...............o@o..o3..#
...............3$....4o.#
.............4.......#4o#
......[..............# .
...$......[..........#
.........^o..........#
.........[...........#
#....................#
....[.................


You could see a soul eater (summoned), 3 orc high priests, 2 orange demons, an
ice devil (summoned), a rust devil (summoned), a sixfirhy (summoned), a smoke
demon (summoned), a red devil (summoned), 4 orc priests and an orc wizard.

Vanquished Creatures
  Erica (D:8)
  2 two-headed ogres (D:10)
  An orc high priest (Orc:2)
  An orc sorcerer (Orc:1)
  An orc knight (Orc:1)
  3 trolls
  9 yaks
  2 wyverns
  2 vampire mosquitoes (D:10)
  A warg (Orc:1)
  A water moccasin (D:7)
  12 orc warriors
  2 sky beasts
  2 black bears
  A centaur (D:6)
  8 ogres
  2 phantoms (D:6)
  5 kobold brigands
  4 gnoll sergeants
  2 bullfrogs
  A scorpion (D:6)
  11 wights
  14 killer bees
  A jelly (D:5)
  13 orc priests
  5 hounds
  Ijyb (D:4)
  A sleepcap (D:7)
  Jessica (D:2)
  2 gnoll boudas
  4 iguanas
  11 orc wizards
  19 gnolls
  14 adders
  2 shadow imps (D:6)
  A white imp (D:5)
  A worm (D:4)
  8 dart slugs
  54 orcs
  11 ball pythons
  9 bats
  10 endoplasms
  5 giant cockroaches
  9 goblins
  8 hobgoblins
  3 jackals (D:1)
  8 quokkas
  7 frilled lizards
  14 kobolds
  A rat (D:3)
311 creatures vanquished.

Vanquished Creatures (others)
  An orc wizard (D:9)
  An endoplasm (D:4)
  A hobgoblin (D:4)
  3 fungi (D:8)
  4 plants (D:8)
10 creatures vanquished.

Grand Total: 321 creatures vanquished

Notes
Turn   | Place    | Note
-------+----------+-------------------------------------------
     0 | D:1      | mopl the Barachi Hunter began the quest for the Orb.
     0 | D:1      | Reached XP level 1. HP: 17/17 MP: 1/1
    55 | D:1      | Reached XP level 2. HP: 8/23 MP: 2/2
   251 | D:1      | Reached XP level 3. HP: 14/28 MP: 3/3
   276 | D:1      | Reached skill level 5 in Ranged Weapons
   830 | D:2      | Reached XP level 4. HP: 12/34 MP: 4/4
  1017 | D:2      | Noticed Jessica
  1020 | D:2      | Killed Jessica
  1021 | D:2      | Reached skill level 6 in Ranged Weapons
  1071 | D:2      | Reached XP level 5. HP: 39/39 MP: 5/5
  2157 | D:4      | Noticed Ijyb
  2221 | D:4      | Found Paguna's Assorted Antiques.
  2255 | D:4      | Reached skill level 7 in Ranged Weapons
  2255 | D:4      | Reached XP level 6. HP: 13/46 MP: 6/6
  2317 | D:4      | Killed Ijyb
  2493 | D:4      | Bought a scroll labelled KEAZE ZISUIQE for 25 gold pieces
  2493 | D:4      | Bought a scroll labelled XYITOKH HIPS for 25 gold pieces
  2493 | D:4      | Bought a murky emerald potion for 22 gold pieces
  2493 | D:4      | Bought a scroll labelled QAGOOFOAKK for 25 gold pieces
  2749 | D:4      | Noticed a black bear
  2766 | D:4      | Killed a black bear
  2767 | D:4      | Reached skill level 8 in Ranged Weapons
  2767 | D:4      | Reached XP level 7. HP: 6/51 MP: 7/7
  3161 | D:5      | Entered Level 5 of the Dungeon
  3424 | D:5      | Found Goicauza's Gadget Gallery.
  3433 | D:5      | Reached skill level 1 in Armour
  3867 | D:5      | Reached skill level 3 in Fighting
  4538 | D:6      | Reached skill level 3 in Dodging
  4543 | D:6      | Reached skill level 9 in Ranged Weapons
  4543 | D:6      | Reached skill level 2 in Armour
  4545 | D:6      | Reached XP level 8. HP: 27/58 MP: 8/8
  4779 | D:6      | Reached skill level 4 in Fighting
  4792 | D:6      | Reached skill level 3 in Armour
  4893 | D:6      | Reached skill level 4 in Dodging
  5065 | D:7      | Reached skill level 10 in Ranged Weapons
  5065 | D:7      | Reached skill level 4 in Armour
  5124 | D:7      | Reached XP level 9. HP: 67/67 MP: 9/9
  5135 | D:7      | Reached skill level 5 in Fighting
  5343 | D:7      | Reached skill level 5 in Dodging
  5555 | D:7      | Found a staircase to the Ecumenical Temple.
  5561 | Temple   | Entered the Ecumenical Temple
  5586 | Temple   | Became a worshipper of Warmaster Okawaru
  5662 | D:8      | Reached skill level 5 in Armour
  5695 | D:8      | Noticed Erica
  5721 | D:8      | Killed Erica
  5721 | D:8      | Reached * piety under Okawaru
  5722 | D:8      | Reached skill level 6 in Fighting
  5722 | D:8      | Reached skill level 1 in Invocations
  6076 | D:8      | Reached skill level 11 in Ranged Weapons
  6078 | D:8      | Reached skill level 2 in Invocations
  6169 | D:8      | Reached XP level 10. HP: 45/77 MP: 11/11
  6222 | D:8      | Reached ** piety under Okawaru
  6449 | D:8      | Reached skill level 6 in Dodging
  6472 | D:8      | Reached skill level 6 in Armour
  6665 | D:8      | Found a staircase to the Lair.
  7243 | D:9      | Found a broken altar of Ashenzari.
  7248 | D:9      | Saw a vision of the Swamp and the Spider Nest.
  7248 | D:9      | Noticed a spriggan druid
  7248 | D:9      | Noticed a goliath frog
  7248 | D:9      | Noticed a four-headed hydra
  7248 | D:9      | Noticed a swamp dragon
  7248 | D:9      | Noticed a steelbarb worm
  7248 | D:9      | Noticed a boulder beetle
  7250 | D:9      | Noticed a pharaoh ant
  7250 | D:9      | Noticed a demonic crawler
  8025 | D:10     | Entered Level 10 of the Dungeon
  8120 | D:10     | Reached skill level 3 in Invocations
  8122 | D:10     | Reached skill level 7 in Fighting
  8729 | D:10     | Reached *** piety under Okawaru
  9012 | D:10     | Noticed a two-headed ogre
  9018 | D:10     | Killed a two-headed ogre
  9019 | D:10     | Reached skill level 12 in Ranged Weapons
  9019 | D:10     | Reached skill level 7 in Armour
  9019 | D:10     | Reached skill level 7 in Dodging
  9072 | D:10     | Received a gift from Okawaru
  9073 | D:10     | Reached XP level 11. HP: 51/85 MP: 13/13
  9290 | D:10     | Noticed a two-headed ogre
  9304 | D:10     | Killed a two-headed ogre
  9305 | D:10     | Reached skill level 4 in Invocations
  9324 | D:10     | Reached skill level 8 in Fighting
  9335 | D:10     | Reached **** piety under Okawaru
  9603 | D:10     | Found a staircase to the Orcish Mines.
  9926 | Orc:1    | Entered Level 1 of the Orcish Mines
  9926 | Orc:1    | Noticed an orc sorcerer
  9930 | Orc:1    | Paralysed by an orc sorcerer for 3 turns
  9940 | Orc:1    | Paralysed by an orc sorcerer for 3 turns
  9945 | Orc:1    | Killed an orc sorcerer
 10119 | Orc:1    | Reached skill level 8 in Armour
 10208 | Orc:1    | Found Juntummi's Distillery.
 10216 | Orc:1    | Bought a potion of berserk rage for 55 gold pieces
 10580 | Orc:2    | Entered Level 2 of the Orcish Mines
 10660 | Orc:2    | Noticed an orc high priest
 10906 | Orc:2    | Noticed an orc high priest
 11049 | Orc:2    | Noticed an orc sorcerer
 11049 | Orc:2    | Noticed an orc knight
 11049 | Orc:2    | Found a staircase to the Elven Halls.
 11074 | Orc:1    | Killed an orc knight
 11075 | Orc:1    | Reached skill level 8 in Dodging
 11318 | Orc:1    | Reached skill level 13 in Ranged Weapons
 11608 | Orc:2    | Noticed an orc high priest
 11846 | Orc:2    | Noticed an orc high priest
 11851 | Orc:2    | Noticed a sixfirhy
 11852 | Orc:2    | Killed an orc high priest
 11853 | Orc:2    | Reached skill level 5 in Invocations
 11853 | Orc:2    | Noticed a soul eater
 11854 | Orc:2    | HP: 4/130 [orange demon[an orc high priest] (4)]
 11854 | Orc:2    | Mangled by a sixfirhy

Illustrated notes

Levels and vault maps discovered:
D:1:      tarquinn_simple_flora_water_b, layout_basic
D:2:      minmay_door_path, layout_loops_ring, chequers_serial_rivers_room_a,
          uniq_jessica
D:3:      layout_rooms
D:4:      layout_basic, serial_shops, shop, nicolae_figureground_sparkle,
          uniq_ijyb
D:5:      wad_lake_hut, layout_basic, serial_park_tiny_2, nicolae_shop_gadgets
D:6:      layout_gridville, minmay_fountain_box
D:7:      layout_rooms, minmay_temple_entry_fiery
D:8:      layout_layer_cave, dpeg_oklobed_lair, roderic_serpentine_path,
          uniq_erica
D:9:      layout_loops_ring, grunt_ashenzari_visionary
          [grunt_ashenzari_visionary_swamp, grunt_ashenzari_visionary_spider]
D:10:     layout_loops_ring, kennysheep_orc_monster_closet_entryway
Temple:   regret_index_temple_sigil_plot
Orc:1:    layout_caves, serial_shops, nicolae_shop_hallway_stairs
Orc:2:    st_orc_mages, layout_caves

Skill      XL: |  1  2  3  4  5  6  7  8  9 10 11 |
---------------+----------------------------------+-----
Ranged Weapons | 5 6 7 8 9 10 11 12 13 | 13.1
Armour         | 2 4 5 7 8 |  8.5
Fighting       | 3 4 6 7 8 |  8.9
Dodging        | 3 4 5 7 8 |  8.2
Invocations    | 2 3 5 |  5.0
Stealth        | |  0.8

Action                     |  1- 3 |  4- 6 |  7- 9 | 10-12 || total
---------------------------+-------+-------+-------+-------++-------
  Melee: Unarmed           |       |    27 |       |       ||    27
         Shortbow          |       |     5 |       |     2 ||     7
         Punch             |       |     1 |       |     3 ||     4
         Trident           |       |       |       |    22 ||    22
   Fire: Shortbow          |   113 |   228 |   419 |   685 ||  1445
 Invoke: Heroism           |       |       |     2 |    16 ||    18
         Finesse           |       |       |       |     1 ||     1
Ability: Hop               |     2 |     1 |     2 |     7 ||    12
    Use: Potion            |       |     2 |     2 |     3 ||     7
         Scroll            |       |       |    10 |       ||    10
 Armour: Leather armour    |    13 |    17 |     4 |       ||    34
         Skin              |       |    27 |       |       ||    27
         Chain mail        |       |       |   167 |   124 ||   291
         Scale mail        |       |       |       |    16 ||    16
  Dodge: Dodged            |    67 |   121 |   306 |   454 ||   948

Table legend: (Time is in decaauts)
 A = Elapsed time spent in this place.
 B = Non-inter-level travel time spent in this place.
 C = Inter-level travel time spent in this place.
 D = Time resting spent in this place.
 E = Time spent auto-exploring this place.
 F = Levels seen in this place.
 G = Mean time per level.
                   A        B        C        D        E       F      G
               +--------+--------+--------+--------+--------+-----+--------+
         Total |  13539 |  12925 |    614 |   3322 |   6786 |  13 | 1041.5 |
       Dungeon |  11452 |  10977 |    475 |   2367 |   6307 |  10 | 1145.2 |
        Temple |     37 |     20 |     17 |      0 |      9 |   1 |   37.0 |
  Orcish Mines |   2048 |   1926 |    122 |    955 |    469 |   2 | 1024.0 |
               +--------+--------+--------+--------+--------+-----+--------+

Top non-repeatable levels by time:
   Orc:1: 1920 daAuts
    D:10: 1860 daAuts
     D:8: 1783 daAuts
     D:5: 1551 daAuts
     D:4: 1257 daAuts
     D:9: 1255 daAuts
     D:2: 918 daAuts
     D:1: 865 daAuts
     D:7: 659 daAuts
     D:6: 657 daAuts
     D:3: 643 daAuts
   Orc:2: 128 daAuts
  Temple: 37 daAuts
